AoeStats
← LoVEitx3

Arena

509131574Analyzed
2v2 RM · 6d ago on Sep 25, 2026· 80m 1s· 4 players
Game mode
Random Map
Map size
Medium (4 player)
Population
200
Speed
Normal
Resources
Standard
Victory
Conquest
Starting age
Dark Age
Ending age
Imperial Age
RankedLock teamsTeams togetherTeam positionsShared explorationLock speedFull tech treeHidden civsTurbo modeCheats
Victory
Defeat
🇹🇷 Huns · Türkiye
554
+15
🇨🇭 Britons · Switzerland
480
+18
🇮🇱 Slavs · Israel
538
-17
🇮🇱 Britons · Israel
523
-16
LoVEitx3
12:03 Feudal Age
12:29 Double-Bit Axe
13:07 Horse Collar
13:49 Gold Mining
14:44 Wheelbarrow
14:26 Stone Mining
22:39 Castle Age
21:38 Padded Archer Armor
23:33 Crossbowman
24:27 Bow Saw
25:24 Heavy Plow
26:03 Gold Shaft Mining
28:51 Caravan
30:23 Leather Archer Armor
31:55 Yeomen
32:36 Fortified Wall
33:59 Fletching
36:05 Hand Cart
36:11 Hand Cart
40:13 Imperial Age
40:49 Elite Longbowman
41:35 Warwolf
41:00 Elite Longbowman
41:41 Warwolf
42:27 Hoardings
42:22 Conscription
42:43 Arbalester
44:42 Two-Man Saw
47:24 Chemistry
46:57 Ring Archer Armor
46:23 Bodkin Arrow
54:04 Bracer
57:51 Guard Tower
57:47 Arrowslits
58:24 Ballistics
62:01 Keep
77:59 Forging
77:50 Scale Mail Armor
78:03 Masonry
urladidim
12:43 Feudal Age
13:36 Double-Bit Axe
15:45 Horse Collar
15:58 Gold Mining
16:00 Stone Mining
18:08 Wheelbarrow
17:22 Loom
17:59 Town Watch
25:46 Castle Age
26:21 Padded Archer Armor
26:14 Fletching
26:31 Scale Barding Armor
26:28 Scale Mail Armor
26:40 Forging
26:55 Bow Saw
28:45 Heavy Plow
29:15 Town Patrol
31:57 Hand Cart
36:56 Gold Shaft Mining
42:18 Imperial Age
45:33 Chemistry
44:54 Ballistics
44:45 Masonry
44:32 Murder Holes
47:03 Two-Man Saw
45:47 Elite Tarkan
51:32 Chain Barding Armor
51:28 Leather Archer Armor
51:09 Bodkin Arrow
51:30 Chain Mail Armor
51:52 Iron Casting
66:08 Arson
66:24 Squires
65:45 Pikeman
65:46 Man-at-Arms
67:10 Plate Barding Armor
66:36 Bracer
67:37 Blast Furnace
68:16 Caravan
68:44 Guilds
Pablecito
11:11 Feudal Age
12:00 Horse Collar
20:07 Castle Age
21:06 Fletching
21:18 Padded Archer Armor
21:40 Caravan
22:02 Heavy Plow
24:03 Ballistics
23:54 Fortified Wall
23:41 Murder Holes
28:23 Loom
29:13 Wheelbarrow
28:24 Town Watch
28:53 Elite Skirmisher
31:52 Man-at-Arms
31:53 Pikeman
32:33 Squires
32:19 Gambesons
33:59 Leather Archer Armor
33:40 Bodkin Arrow
33:55 Forging
33:46 Scale Mail Armor
35:48 Hand Cart
35:33 Town Patrol
37:06 Long Swordsman
39:40 Iron Casting
39:21 Chain Mail Armor
47:42 Imperial Age
49:50 Elite Longbowman
52:41 Ring Archer Armor
52:11 Bracer
52:43 Plate Mail Armor
53:13 Blast Furnace
51:39 Two-Handed Swordsman
51:40 Halberdier
56:29 Cavalier
57:09 Husbandry
71:21 Yeomen
71:12 Warwolf
michaelnaro
11:03 Feudal Age
12:29 Wheelbarrow
11:42 Double-Bit Axe
11:51 Horse Collar
18:24 Castle Age
19:34 Hand Cart
19:14 Gold Mining
19:37 Bow Saw
19:35 Heavy Plow
21:07 Gold Shaft Mining
22:38 Caravan
22:41 Stone Mining
22:53 Caravan
24:08 Town Watch
24:35 Loom
25:04 Fletching
26:41 Forging
28:12 Masonry
28:39 Coinage
28:16 Scale Mail Armor
29:35 Padded Archer Armor
30:57 Town Patrol
31:49 Pikeman
32:31 Squires
36:43 Ballistics
38:55 Imperial Age
37:51 Fortified Wall
38:28 Iron Casting
37:36 Elite Skirmisher
40:27 Conscription
41:26 Hoardings
41:13 Halberdier
43:02 Chain Mail Armor
44:04 Chemistry
44:12 Detinets
45:31 Two-Man Saw
45:12 Crop Rotation
45:52 Murder Holes
47:42 Block Printing
47:55 Bodkin Arrow
48:19 Leather Archer Armor
49:16 Sappers
51:23 Ring Archer Armor
54:01 Siege Engineers
57:46 Banking
57:27 Onager
65:18 Plate Mail Armor
71:11 Blast Furnace
Connection lost

Rejoining the realm…

Still unreachable

The connection could not be restored.

Session expired

The server has moved on; the page needs a fresh start.